 Dungeon Crawl Stone Soup version 0.26.0-3-g156281e41b (webtiles) character file.

Game seed: 4280178834256771586

1414 Gauvater the Covert (level 8, -3/68 HPs)
             Began as a Ghoul Delver on Jan 9, 2021.
             Was a Follower of Makhleb.
             Slain by an orc warrior
             ... wielding a +0 flail
              (16 damage)
             ... on level 7 of the Dungeon.
             The game lasted 00:44:03 (6653 turns).

Gauvater the Covert (Ghoul Delver)                  Turns: 6653, Time: 00:44:03

Health: -3/68      AC:  9    Str: 18    XL:     8   Next: 71%
Magic:  8/8        EV: 15    Int:  5    God:    Makhleb [*.....]
Gold:   257        SH:  0    Dex: 10    Spells: 7/7 levels left

rFire    . . .     SeeInvis .   a - +0 war axe
rCold    + . .     Faith    .   (no shield)
rNeg     + + +     Spirit   .   E - +0 ring mail
rPois    ∞         Reflect  .   (no helmet)
rElec    .         Harm     .   e - +2 cloak
rCorr    .         Rampage  .   (no gloves)
Will     .....                  s - +0 pair of boots
Stlth    +++.......             r - amulet of the acrobat
HPRegen  0.00/turn              u - +4 ring of evasion
MPRegen  0.11/turn              (no ring)

@: no status effects
A: claws 1, cold resistance 1, negative energy resistance 3, inhibited
regeneration, torment resistance, unbreathing
a: Renounce Religion


You were on level 7 of the Dungeon.
You worshipped Makhleb.
Makhleb was aware of your devotion.
You visited 1 branch of the dungeon, and saw 7 of its levels.

You collected 257 gold pieces.

Inventory:

Hand Weapons
 a - a +0 war axe (weapon)
 f - a +0 shortbow
 j - a +0 hunting sling
 k - a +2 mace of venom
 y - a +2 dagger of speed
Missiles
 d - 51 arrows
 l - 22 sling bullets
 p - 207 stones
 w - 51 bolts
 A - 3 boomerangs (quivered)
 D - 3 atropa-tipped darts
Armour
 b - a +0 leather armour
 e - a +2 cloak (worn)
 s - a +0 pair of boots (worn)
 E - a +0 ring mail (worn)
Jewellery
 r - an amulet of the acrobat (around neck)
 u - a +4 ring of evasion (left claw)
 C - an uncursed ring of stealth
Wands
 g - a wand of digging (3)
Scrolls
 c - 3 scrolls of fog
 i - 3 scrolls of enchant weapon
 t - 5 scrolls of remove curse
 x - a scroll of amnesia {unknown}
Potions
 h - a potion of cancellation
 m - a potion of heal wounds
 n - 2 potions of invisibility {unknown}
 o - 2 potions of haste
 v - 4 potions of curing
 z - a potion of flight {unknown}
 B - a potion of degeneration {unknown}


   Skills:
 * Level 5.3 Fighting
 * Level 6.2(6.3) Axes
 + Level 1.1(4.0) Maces & Flails
 + Level 1.0 Throwing
 + Level 2.0 Armour
 + Level 3.0 Dodging
 * Level 8.0 Stealth
 * Level 2.3 Invocations


You had 7 spell levels left.
You didn't know any spells.
Your spell library was empty.

Dungeon Overview and Level Annotations

Branches:
Dungeon (7/15)             Temple (0/1) D:6

Altars:
Cheibriados
Makhleb
Sif Muna
Vehumet

Annotations:
D:5 1 runed translucent door, Crazy Yiuf
D:6 2 transporters, Saltbearer's ghost, amateur SpDe


Innate Abilities, Weirdness & Mutations

You thrive by killing the living.
You are immune to poison.
You have sharp fingernails.
Your flesh is cold resistant. (rC+)
You are immune to negative energy. (rN+++)
You do not regenerate when monsters are visible.
You are immune to unholy pain and torment.
You can survive without breathing.


Message History

You barely miss the orc priest.
The orc priest is heavily wounded.
You slash the orc warrior! The orc priest closely misses you.
The orc warrior barely misses you.
You slash the orc priest!
You kill the orc priest!
Makhleb accepts your kill.
You feel better.
You hit the orc warrior.
The orc warrior hits you but does no damage.
You closely miss the orc warrior.
The orc warrior is heavily wounded.
The orc warrior barely misses you.
You hit the orc warrior but do no damage.
The orc warrior is heavily wounded.
The orc warrior hits you with a +0 flail!!
* * * LOW HITPOINT WARNING * * *
You hit the orc warrior.
The orc warrior is severely wounded.
The orc warrior hits you with a +0 flail!
You die...

.. . . ### .#
#...####.####
##..#o......#
#...)@...# .#
#####)##.##.###
#.# ..... #.#
...# #.####..#
#.......##
####.....#
#.....# #..<..#


You could see an orc warrior.

Vanquished Creatures
  A phantom (D:4)
  A necrophage (D:5)
  A centaur (D:5)
  3 scorpions
  A wight (D:5)
  A howler monkey (D:6)
  6 orc priests
  9 orc wizards
  A jelly (D:5)
  A bullfrog skeleton (D:2)
  A centaur skeleton (D:6)
  Terence (D:3)
  2 worker ants (D:5)
  Robin (D:3)
  3 gnolls (D:4)
  14 adders
  A shadow imp (D:5)
  3 white imps
  2 oozes
  An adder zombie (D:6)
  An adder skeleton (D:5)
  2 worms
  A dart slug (D:1)
  4 leopard geckos
  14 orcs
  8 giant cockroaches
  10 hobgoblins
  2 jackals (D:2)
  A quokka (D:5)
  2 ball pythons
  16 bats
  10 frilled lizards
  14 goblins
  A jackal skeleton (D:4)
  12 kobolds
  11 rats
163 creatures vanquished.

Vanquished Creatures (others)
  3 plants (D:4)
3 creatures vanquished.

Grand Total: 166 creatures vanquished

Notes
Turn   | Place    | Note
-------+----------+-------------------------------------------
     0 | D:5      | Gauvater the Ghoul Delver began the quest for the Orb.
     0 | D:5      | Reached XP level 1. HP: 19/19 MP: 0/0
   272 | D:4      | Noticed an ogre
   289 | D:4      | Reached XP level 2. HP: 21/26 MP: 1/1
   338 | D:3      | Noticed Terence
   664 | D:3      | Reached skill level 6 in Stealth
   708 | D:3      | Reached XP level 3. HP: 27/31 MP: 2/2
  1131 | D:2      | Reached XP level 4. HP: 39/39 MP: 3/3
  1336 | D:2      | Reached XP level 5. HP: 41/46 MP: 4/4
  1413 | D:2      | Reached skill level 1 in Armour
  2568 | D:3      | Noticed Robin
  2641 | D:2      | Reached skill level 7 in Stealth
  3037 | D:2      | Reached XP level 6. HP: 33/52 MP: 5/5
  3457 | D:3      | Killed Terence
  3495 | D:3      | Killed Robin
  4122 | D:4      | Reached XP level 7. HP: 55/60 MP: 6/6
  4163 | D:4      | Found a burning altar of Makhleb.
  4310 | D:4      | Became a worshipper of Makhleb the Destroyer
  4848 | D:5      | Reached skill level 5 in Axes
  4863 | D:5      | Reached * piety under Makhleb
  4936 | D:5      | Reached skill level 1 in Invocations
  4946 | D:5      | Reached XP level 8. HP: 40/67 MP: 7/7
  5135 | D:5      | Found a shimmering blue altar of Sif Muna.
  5204 | D:5      | Reached skill level 5 in Fighting
  5259 | D:5      | Found a radiant altar of Vehumet.
  5532 | D:5      | Reached skill level 1 in Throwing
  5694 | D:5      | Found a runed translucent door.
  5695 | D:5      | Noticed Crazy Yiuf
  5726 | D:6      | Noticed Saltbearer's ghost (amateur SpDe)
  5731 | D:6      | Found a transporter.
  5762 | D:6      | Found a snail-covered altar of Cheibriados.
  6042 | D:6      | Found a transporter.
  6050 | D:6      | Reached skill level 8 in Stealth
  6309 | D:6      | Found a staircase to the Ecumenical Temple.
  6644 | D:7      | Reached skill level 1 in Maces & Flails
  6653 | D:7      | Slain by an orc warrior

Illustrated notes

Levels and vault maps discovered:
D:1:      onia_arrival_mini_spirals, layout_loops_cross
D:2:      layout_loops_ring
D:3:      layout_rooms, uniq_robin, uniq_terence
D:4:      corexii_shack_village, layout_basic, lightli_temple_of_fire
D:5:      layout_gridville, nicolae_overflow_crystal_walls, led_sif_book,
          minmay_fractal_squares_gapless_5, uniq_crazy_yiuf_cottage
D:6:      layout_basic, minmay_temple_entry_hall, serial_corexii_hall,
          chequers_hall_statues_corner_a, chequers_hall_statues_corner_a,
          chequers_hall_statues_wall_a, corexii_hall_statues_i,
          gammafunk_ghost_arena, basic_altar, lightli_minifort
D:7:      layout_loops_cross, general_overflow_altar, grunt_ministairs_14

Skill      XL: |  1  2  3  4  5  6  7  8 |
---------------+-------------------------+-----
Stealth        | 6 7 8 |  8.0
Axes           | 2 3 4 5 6 |  6.2
Dodging        | 2 3 |  3.0
Armour         | 1 2 |  2.0
Fighting       | 4 5 |  5.3
Invocations    | 1 2 |  2.3
Throwing       | 1 |  1.0
Maces & Flails | 1 |  1.1

Action                   |  1- 3 |  4- 6 |  7- 9 || total
-------------------------+-------+-------+-------++-------
Melee: Hand axe          |   107 |   316 |       ||   423
       War axe           |       |    12 |   151 ||   163
       Mace              |       |       |    46 ||    46
Throw: Stone             |       |     2 |       ||     2
       Boomerang         |       |     6 |    26 ||    32
       Dart              |       |     2 |       ||     2
  Use: Scroll            |     3 |     6 |     3 ||    12
       Potion            |     2 |       |       ||     2
 Stab: Sleeping          |     7 |    14 |    10 ||    31
       Invisible         |       |     2 |       ||     2
Armor: Leather armour    |    46 |   122 |    36 ||   204
       Ring mail         |       |       |     9 ||     9
Dodge: Dodged            |    65 |   341 |   182 ||   588
